 Dungeon Crawl Stone Soup version 0.19-a0-1210-g5c1aa26 (webtiles) character file.

485 inmateoo the Skirmisher (level 6, 0/56 HPs)
             Began as a Minotaur Ice Elementalist on Aug 22, 2016.
             Succumbed to a gnoll's poison
             ... on level 4 of the Dungeon.
             The game lasted 00:07:56 (4364 turns).

inmateoo the Skirmisher (Minotaur Ice Elementalist) Turns: 4364, Time: 00:07:56

Health: 0/56       AC: 11    Str: 14    XL:     6   Next: 88%
Magic:  7/7        EV: 10    Int: 17    God:
Gold:   230        SH:  0    Dex: 11    Spells: 1 memorised, 6 levels left

rFire  + . .     SeeInvis .     a - +0 falchion
rCold  + . .     Gourm    .     f - +0 scale mail
rNeg   . . .     Faith    .     (no shield)
rPois  +         Spirit   .     (helmet restricted)
rElec  +         Dismiss  .     d - +0 cloak
rCorr  +         Reflect  .     (no gloves)
MR     .....     Harm     .     (no boots)
Stlth  ..........               (no amulet)
                                l - +3 ring of protection
                                (no ring)

@: brilliant, lethally poisoned (0 -> -11), resistant
A: retaliatory headbutt, horns 2
a: no special abilities


You were on level 4 of the Dungeon.
You were hungry.

You visited 1 branch of the dungeon, and saw 4 of its levels.

You collected 230 gold pieces.

Inventory:

Hand Weapons
 a - a +0 falchion (weapon)
 k - a +0 flail
Armour
 d - a +0 cloak (worn)
 f - a +0 scale mail (worn)
Jewellery
 h - an uncursed ring of ice
 j - an uncursed ring of fire
 l - a +3 ring of protection (right hand)
Scrolls
 g - 4 scrolls of identify
 i - a scroll of magic mapping
 m - a scroll of recharging
Potions
 e - 2 potions of brilliance
Books
 b - a book of Frost

   Spells                             Type                      Level
   a - Freeze                         Ice                          1
   b - Throw Frost                    Conjuration/Ice              2
   c - Ozocubu's Armour               Charms/Ice                   3
   d - Throw Icicle                   Conjuration/Ice              4
   e - Summon Ice Beast               Ice/Summoning                4
Comestibles
 c - 3 bread rations
 n - a meat ration
 r - a fruit


   Skills:
 - Level 5.1 Fighting
 * Level 4.3 Long Blades
 - Level 4.0 Armour
 - Level 3.1 Dodging
 - Level 1.5 Stealth
 - Level 1.3 Spellcasting
   Level 0.6 Conjurations
 - Level 2.1 Ice Magic


You had 6 spell levels left.
You knew the following spells:

 Your Spells              Type           Power        Failure   Level  Hunger
a - Freeze                Ice            ###.         4%          1    ##.....


Dungeon Overview and Level Annotations

Branches:
Dungeon (4/15)
 Temple: D:4-7

Altars:
Makhleb
Xom

Annotations:
D:3 Duffy's ghost, amateur FoFi


Innate Abilities, Weirdness & Mutations

You reflexively headbutt those who attack you in melee.
You have a pair of horns on your head.


Message History

It was a scroll of fear.
* * * LOW HITPOINT WARNING * * *
You feel sick.
Unknown command.
Okay, then.
As you read the scroll labeled ONLILO ABODEIZ, it crumbles to dust.
You feel strangely unstable.
It was a scroll of teleportation.
* * * LOW HITPOINT WARNING * * *
You feel sick.
You feel clever all of a sudden.
* * * LOW HITPOINT WARNING * * *
You feel sick.
Casting: Freeze
Confirm with . or Enter, or press ? or * to list all spells.
Okay, then.
You aren't carrying any items that you can evoke.
Unknown command.
You start eating the fruit.
Your surroundings suddenly seem different.
You die...

#....'........#
#################....###########
##....#....#..##.##.............#
#.....#....#......#.............#
#.....#....#......#............>#
#.....#....#......'.............#
#.....#....#......#.............#
###'###....#.###..#.............#
##........##'###@.###....#'###...
.#....†...'.........#....#...#...
.#........#.........#....#...#...
##........###########....###'#...
#.....##+#######.(....#+##......#
'.....#........#......#..#......#
#.....'........#......#..#......#
#.....#........#......#..#......'
#.....#........#......#..#......#


There were no monsters in sight!

Vanquished Creatures
  An ice beast (D:4)
  A scorpion (D:4)
  A crimson imp (D:3)
  A hound (D:4)
  An orc priest (D:3)
  An orc wizard (D:3)
  An iguana (D:4)
  4 adders
  4 oozes
  3 worms (D:2)
  2 dart slugs
  A giant gecko (D:2)
  13 orcs
  A ball python (D:1)
  5 giant cockroaches
  9 hobgoblins
  6 jackals
  2 quokkas
  11 bats
  5 giant newts
  10 goblins
  11 kobolds
  15 rats
109 creatures vanquished.

Vanquished Creatures (others)
  An orc wizard (D:3)
1 creature vanquished.

Grand Total: 110 creatures vanquished

Notes
Turn   | Place    | Note
-------+----------+-------------------------------------------
     0 | D:1      | inmateoo the Minotaur Ice Elementalist began the quest for the Orb.
     0 | D:1      | Reached XP level 1. HP: 14/14 MP: 1/1
   145 | D:1      | Reached XP level 2. HP: 14/20 MP: 3/3
   559 | D:1      | Reached skill level 1 in Fighting
   782 | D:1      | Reached skill level 1 in Armour
   782 | D:1      | Reached XP level 3. HP: 22/29 MP: 4/4
  1058 | D:2      | Reached skill level 2 in Fighting
  1528 | D:2      | Reached XP level 4. HP: 34/37 MP: 5/5
  1581 | D:2      | Reached skill level 3 in Fighting
  2240 | D:3      | Reached skill level 4 in Fighting
  2242 | D:3      | Reached XP level 5. HP: 42/47 MP: 6/6
  2522 | D:3      | Noticed Duffy's ghost (amateur FoFi)
  2968 | D:3      | Found a shimmering altar of Xom.
  2968 | D:3      | Found a burning altar of Makhleb.
  2980 | D:3      | Reached skill level 5 in Fighting
  2980 | D:3      | Reached skill level 1 in Long Blades
  3433 | D:2      | Reached XP level 6. HP: 24/56 MP: 7/7
  4039 | D:4      | Noticed an ice beast
  4048 | D:4      | Killed an ice beast
  4362 | D:4      | HP: 2/56 [poisoned by a gnoll]
  4364 | D:4      | Succumbed to a gnoll's poison

Vault maps used:
D:1:      nicolae_arrival_memento_mori, minmay_misc_feat_rugged, st_stairs_8
D:2:      serial_bayou, serial_bayou_lagoon_a, serial_bayou_lake_a,
          serial_bayou_pond_c, serial_bayou_pond_b, first_bread
D:3:      corexii_shack_village, grunt_temple_overflow_champion_of_chaos

Skill      XL: |  1  2  3  4  5  6 |
---------------+-------------------+-----
Dodging        | 3 |  3.1
Fighting       | 1 2 4 5 |  5.1
Armour         | 1 2 3 4 |  4.0
Long Blades    | 1 4 |  4.3
Stealth        | |  1.5
Spellcasting   | |  1.3
Conjurations   | |  0.6
Ice Magic      | |  2.1

Action                   |  1- 3 |  4- 6 || total
-------------------------+-------+-------++-------
Melee: Unarmed           |    43 |       ||    43
       Headbutt          |    27 |    26 ||    53
       Club              |    91 |    89 ||   180
       Flail             |       |    94 ||    94
       Falchion          |       |    49 ||    49
 Cast: Freeze            |     1 |       ||     1
  Use: Scroll            |     5 |     6 ||    11
       Potion            |       |     2 ||     2
  Eat: Chunk             |     2 |     9 ||    11
Armor: Ring mail         |     3 |       ||     3
       Robe              |     2 |       ||     2
       Scale mail        |    54 |   109 ||   163
Dodge: Dodged            |    75 |   164 ||   239
